 Dungeon Crawl Stone Soup version 0.28.0-1-gb440e238dd (webtiles) character file.

Game seed: 8241207757186281125

317 growler the Gusty (level 6, -3/32 HPs)
             Began as a Tengu Air Elementalist on Feb 19, 2022.
             Slain by a water moccasin (7 damage)
             ... on level 4 of the Dungeon.
             The game lasted 00:08:40 (4748 turns).

growler the Gusty (Tengu Air Elementalist)          Turns: 4748, Time: 00:08:41

Health: -3/32      AC:  3    Str:  8    XL:     6   Next: 45%
Magic:  8/12       EV: 14    Int: 17    God:
Gold:   249        SH:  0    Dex: 15    Spells: 2/12 levels left

rFire   . . .      SeeInvis .   (no weapon)
rCold   . . .      Faith    .   (no shield)
rNeg    . . .      Spirit   .   a - +0 robe
rPois   .          Reflect  .   (helmet restricted)
rElec   .          Harm     .   m - +0 cloak
rCorr   .          Rampage  .   (no gloves)
Will    .....                   (boots unavailable)
Stlth   ++........              (no amulet)
HPRegen 0.10/turn               (no ring)
MPRegen 0.13/turn               (no ring)

@: lethally poisoned (-3 -> -14), flying quickly and evasively, quick
A: beak, talons 3, nimble flight
a: no special abilities


You were on level 4 of the Dungeon.
You visited 1 branch of the dungeon, and saw 4 of its levels.

You collected 249 gold pieces.

Inventory:

Armour
 a - a +0 robe (worn)
 h - a scarf of shadows
   (You found it on level 2 of the Dungeon)
 m - a +0 cloak (worn)
   (You took it off Crazy Yiuf on level 2 of the Dungeon)
Jewellery
 l - an amulet of reflection
   (You took it off a gnoll on level 2 of the Dungeon)
Scrolls
 b - 4 scrolls of identify {unknown}
 c - 3 scrolls of vulnerability {unknown}
 d - 2 scrolls of blinking {unknown}
 g - a scroll of magic mapping {unknown}
 i - 2 scrolls of teleportation {unknown}
 p - a scroll of torment {unknown}
Potions
 e - 3 potions of mutation {unknown}
 f - 4 potions of magic {unknown}
 j - a potion of ambrosia {unknown}
 k - a potion of might {unknown}
 n - a potion of flight {unknown}
 o - a potion of heal wounds {@q2}


   Skills:
 - Level 2.1 Dodging
 - Level 2.0 Stealth
 + Level 3.8 Spellcasting
 + Level 4.8 Conjurations
 + Level 6.2 Air Magic


You had 2 spell levels left.
You knew the following spells:

 Your Spells              Type           Power      Damage    Failure   Level
a - Shock                 Conj/Air       88%        1d8       1%          1
b - Airstrike             Air            12%        N/A       12%         4
d - Static Discharge      Conj/Air       22%        N/A       2%          2
s - Swiftness             Air            24%        N/A       3%          3

Your spell library contained the following spells:

 Spells                   Type           Power      Damage    Failure   Level
 Dazzling Flash           Conj/Hex       22%        N/A       19%         3
 Gell's Gravitas          Tloc           3%         N/A       43%         3
 Lesser Beckoning         Tloc           3%         N/A       43%         3
 Teleport Other           Tloc           3%         N/A       43%         3
 Silence                  Hex/Air        6%         N/A       77%         5
 Agony                    Necr           3%         N/A       99%         5


Dungeon Overview and Level Annotations

Branches:
Dungeon (4/15)
 Temple: D:4-7

Altars:
Fedhas
Gozag
Uskayaw
Wu Jian

Annotations:
D:4 Menkaure


Innate Abilities, Weirdness & Mutations

You have a beak for a mouth.
You have claws for feet.
Your magical nature lets you fly swiftly and evasively.


Message History

Your magical contamination has completely faded away.
Things that are here:
a +0 short sword; a +0 trident; a +0 ring mail
p - a scroll labelled RUCORYF ZEADU Unknown command.
You now have 241 gold pieces (gained 11).
Found a scroll labelled KUGUTUUPPU and 18 stones.
b - 4 scrolls labelled KUGUTUUPPU (gained 1)
You see here 18 stones.
Found 8 gold pieces.
You now have 249 gold pieces (gained 8).
There is a shaft here.
Found a stone staircase leading up.
There is a stone staircase leading up here.
A scorpion comes into view.
A scorpion is nearby!
Menkaure, Prince of Dust comes into view.
There is a stone staircase leading up here.
You can't see any susceptible monsters within range! (Use Z to cast anyway.)
The scorpion is struck by an arc of lightning!
You are struck by an arc of lightning.
The lightning grounds out.
The scorpion closely misses you.
The scorpion is struck by an arc of lightning!
You kill the scorpion!
You are struck by an arc of lightning.
The lightning grounds out.
You see here a scorpion corpse.
A water moccasin comes into view.
Menkaure calls on the powers of darkness!
The water moccasin convulses!
The water moccasin hisses angrily.
Your body is wracked with pain!
There are monsters nearby!
Unknown command.
You see here a scorpion corpse.
There is a stone staircase leading up here.
The water moccasin is struck by an arc of lightning!
You are struck by an arc of lightning.
* * * LOW HITPOINT WARNING * * *
The lightning grounds out.
The water moccasin bites you.
* * * LOW HITPOINT WARNING * * *
You are lethally poisoned!
The water moccasin poisons you! The water moccasin closely misses you.
The water moccasin is struck by an arc of lightning.
You are struck by an arc of lightning.
* * * LOW HITPOINT WARNING * * *
The lightning grounds out.
* * * LOW HITPOINT WARNING * * *
You feel very sick. The water moccasin bites you!
You die...

#..##########.#
#.# ##########.#
#...^......#
#.########## #.#
#.#
#.################
#..........@S....#
################.#
#.# #S# #.#
######.# #.S....#
#.###### #.#


You could see a water moccasin.

Vanquished Creatures
  A scorpion (D:4)
  Crazy Yiuf (D:2)
  2 orc wizards (D:3)
  A hound skeleton (D:4)
  3 gnolls (D:2)
  4 adders
  An adder skeleton (D:4)
  2 worms
  A dart slug (D:1)
  10 orcs
  9 endoplasms
  6 giant cockroaches
  7 goblins
  4 hobgoblins
  3 jackals (D:1)
  2 quokkas (D:2)
  2 ball pythons
  7 bats
  5 frilled lizards
  7 kobolds
  7 rats
85 creatures vanquished.

Vanquished Creatures (others)
  9 fungi (D:2)
  5 toadstools (D:2)
14 creatures vanquished.

Grand Total: 99 creatures vanquished

Notes
Turn   | Place    | Note
-------+----------+-------------------------------------------
     0 | D:1      | growler the Tengu Air Elementalist began the quest for the
                  | Orb.
     0 | D:1      | Reached XP level 1. HP: 10/10 MP: 4/4
   208 | D:1      | Reached XP level 2. HP: 9/15 MP: 0/6
   212 | D:1      | Learned a level 2 spell: Static Discharge
   842 | D:1      | Reached XP level 3. HP: 19/19 MP: 4/7
   846 | D:1      | Learned a level 3 spell: Swiftness
  1715 | D:2      | Reached XP level 4. HP: 19/24 MP: 3/9
  1761 | D:2      | Reached skill level 5 in Air Magic
  2479 | D:2      | Gained mutation: Your magical nature lets you fly swiftly
                  | and evasively. [Tengu growth]
  2479 | D:2      | Reached XP level 5. HP: 28/28 MP: 8/10
  2617 | D:2      | Found a runed translucent door.
  2618 | D:2      | Noticed Crazy Yiuf
  2821 | D:2      | Killed Crazy Yiuf
  2941 | D:2      | Learned a level 4 spell: Airstrike
  2962 | D:3      | Found a faded altar of an unknown god.
  3060 | D:3      | Found a hide-covered altar of Uskayaw.
  3060 | D:3      | Found an opulent altar of Gozag.
  3061 | D:3      | Found an ornate altar of the Wu Jian Council.
  3328 | D:3      | Found a blossoming altar of Fedhas.
  3831 | D:3      | Reached XP level 6. HP: 26/32 MP: 7/12
  4357 | D:4      | Reached skill level 6 in Air Magic
  4662 | D:4      | Noticed Menkaure
  4729 | D:4      | Noticed a water moccasin
  4748 | D:4      | Slain by a water moccasin

Illustrated notes

Levels and vault maps discovered:
D:1:      shiori_shiawase, layout_loops_ring, minmay_lizard_pond
D:2:      layout_basic, hangedman_abyss_or_decor_lesser_grid,
          minmay_gold_behind_fungi, minmay_hexomino_f4, uniq_crazy_yiuf_cottage
D:3:      layout_loops_cross, nicolae_overflow_quartered_altars,
          nicolae_ecumenical_pavilion, grunt_ministairs_1
D:4:      layout_loops_ring, uniq_menkaure

Skill      XL: |  1  2  3  4  5  6 |
---------------+-------------------+-----
Conjurations   | 2 3 4 |  4.8
Air Magic      | 5 6 |  6.2
Spellcasting   | 3 |  3.8
Dodging        | |  2.1
Stealth        | |  2.0

Action                   |  1- 3 |  4- 6 || total
-------------------------+-------+-------++-------
Melee: Unarmed           |    14 |    11 ||    25
       Kick              |     1 |     4 ||     5
       Punch             |     1 |       ||     1
       Peck              |       |     2 ||     2
 Cast: Shock             |    62 |    37 ||    99
       Static Discharge  |    10 |    43 ||    53
 Stab: Sleeping          |       |     1 ||     1
Armor: Robe              |     5 |     5 ||    10
Dodge: Dodged            |    24 |    26 ||    50
